 Dungeon Crawl Stone Soup version 0.30.0-18-gc0e69614cb (webtiles) character file.

Game seed: 5065844979746831712

4816 JanusIIV the Grappler (level 10, -3/94 HPs)
             Began as a Naga Transmuter on May 24, 2023.
             Was an Initiate of Cheibriados.
             Slain by a killer bee (4 damage)
             ... on level 8 of the Dungeon on May 25, 2023.
             The game lasted 00:20:14 (8811 turns).

JanusIIV the Grappler (Naga Transmuter)             Turns: 8811, Time: 00:20:15

Health: -3/94      AC:  6    Str: 17    XL:     10   Next: 48%
Magic:  13/13      EV: 16    Int: 15    God:    Cheibriados [......]
Gold:   427        SH:  0    Dex: 13    Spells: 8/13 levels left

rFire   + .          .
                       - Unarmed
rCold   + . .        (no shield)
rNeg    . . .        w - +1 steam dragon scales
rPois   +            (no helmet)
rElec   +            (no cloak)
rCorr   +            (no gloves)
SInv    +            (no barding)
Will    +....        m - amulet of magic regeneration
Stlth   +            g - +5 ring of evasion
HPRegen 0.35/turn    (no ring)
MPRegen 0.53/turn

%: no passive effects
@: brilliant, lethally poisoned (-3 -> -7), resistant, very slow
A: AC +3, large, see invisible, deformed body, poison resistance, slowness 2,
spit poison 1, naga tail 1
a: Spit Poison, Renounce Religion


You were on level 8 of the Dungeon.
You worshipped Cheibriados.
Cheibriados was noncommittal.
You visited 2 branches of the dungeon, and saw 9 of its levels.

You collected 427 gold pieces.

Inventory:

Armour
 i - a +2 robe of positive energy
 l - a +0 ring mail
 w - +1 steam dragon scales (worn)
 A - a +2 robe of willpower
Jewellery
 g - a +5 ring of evasion (left hand)
 m - an amulet of magic regeneration (around neck)
Wands
 f - a wand of mindburst (11)
 q - a wand of quicksilver (2)
 t - a wand of digging (2)
Scrolls
 a - 3 scrolls of fog {unknown}
 b - 2 scrolls of noise
 d - 3 scrolls of teleportation
 j - a scroll of poison {unknown}
 k - a scroll of vulnerability {unknown}
 n - 2 scrolls of amnesia
 o - 4 scrolls of identify
 p - a scroll of immolation {unknown}
 r - a scroll of silence {unknown}
 s - a scroll of brand weapon
 u - 2 scrolls of enchant armour
 v - a scroll of enchant weapon {unknown}
 y - a scroll of magic mapping {unknown}
Potions
 c - a potion of heal wounds {unknown}
 e - 3 potions of mutation
 h - 3 potions of cancellation


   Skills:
 + Level 7.6 Fighting
 + Level 5.5 Dodging
 - Level 10.0 Unarmed Combat
 - Level 2.0 Spellcasting
 + Level 6.8 Transmutations


You had 8 spell levels left.
You knew the following spells:

 Your Spells              Type           Power      Damage    Failure   Level
a - Beastly Appendage     Tmut           64%        N/A       1%          1
b - Ice Form              Ice/Tmut       17%        N/A       50%         4

Your spell library contained the following spells:

 Spells                   Type           Power      Damage    Failure   Level
 Wereblood                Tmut           32%        N/A       1%          2
 Spider Form              Tmut/Pois      17%        N/A       17%         3
 Apportation              Tloc           4%         N/A       22%         1
 Necrotise                Necr           8%         1d4       22%         1
 Summon Small Mammal      Summ           8%         N/A       22%         1
 Poisonous Vapours        Pois/Air       4%         N/A       32%         2
 Blade Hands              Tmut           16%        N/A       36%         5
 Mephitic Cloud           Conj/Pois/Air  2%         N/A       54%         3
 Portal Projectile        Hex/Tloc       4%         N/A       54%         3
 Tukima's Dance           Hex            2%         N/A       54%         3
 Summon Lightning Spire   Summ/Air       2%         N/A       91%         4
 Freezing Cloud           Conj/Ice/Air   1%         6-21      99%         5
 Storm Form               Tmut/Air       8%         N/A       100%        7
 Maxwell's Capacitive Co  Air            1%         ∞         100%        8


Dungeon Overview and Level Annotations

Branches:
Dungeon (8/15)             Temple (1/1) D:4
   Lair: D:8-11

Altars:
Ashenzari
Cheibriados
Dithmenos
Elyvilon
Fedhas
Gozag
Hepliaklqana
Kikubaaqudgha
Makhleb
Okawaru
Qazlal
Ru
Sif Muna
Trog
Uskayaw
Vehumet
Yredelemnul
Zin
The Shining One

Annotations:
D:6 3 runed translucent doors, hexenhour's ghost, novice DjEE


Innate Abilities, Weirdness & Mutations

Your serpentine skin is tough. (AC +3)
You have supernaturally acute eyesight. (SInv)
Armour fits poorly on your strangely shaped body.
Your system is resistant to poisons. (rPois)
You cover ground very slowly.
You can spit poison.
You have a snake-like lower body.


Message History

The killer bee completely misses you.
You completely miss the killer bee.
The killer bee is severely wounded.
The killer bee completely misses you. The killer bee misses you.
The killer bee stings you but does no damage. x2
You closely miss the killer bee. Your headbutt misses the killer bee.
The killer bee is severely wounded.
The killer bee stings you!
* * * LOW HITPOINT WARNING * * *
The killer bee barely misses you.
You hit the killer bee but do no damage.
Your headbutt misses the killer bee.
The killer bee is severely wounded.
The killer bee stings you but does no damage.
The killer bee stings you!
* * * LOW HITPOINT WARNING * * *
You are poisoned.
The killer bee poisons you! The killer bee stings you.
* * * LOW HITPOINT WARNING * * *
The killer bee stings you but does no damage.
You hit the killer bee.
The killer bee is severely wounded.
Your horns disappear.
You feel sick. The killer bee closely misses you. The killer bee misses you.
The killer bee stings you.
* * * LOW HITPOINT WARNING * * *
The killer bee stings you but does no damage.
It was a potion of resistance.
You feel protected.
You feel sick.
The killer bee completely misses you. x2
The killer bee stings you.
* * * LOW HITPOINT WARNING * * *
The killer bee barely misses you.
It was a potion of brilliance.
You feel clever all of a sudden.
* * * LOW HITPOINT WARNING * * *
You feel sick. The killer bee stings you.
* * * LOW HITPOINT WARNING * * *
The killer bee closely misses you. The killer bee stings you.
You die...

. .... # ...# #
....### #.....# ...
#†.#..###.... ##.##..
.#..# .
###yy##.#.....## ..
##.##@##.##..##.#. ...
#...........##........
##..............#.....
#.####)........##....
### ##..............
##..#...........
#...####<...#
###...###...#
#......####


You could see 2 killer bees.

Vanquished Creatures
  Pikel (D:4)
  Maggie (D:6)
  Psyche (D:8)
  Grinder (D:5)
  Prince Ribbit (D:5)
  Sigmund (D:2)
  A steam dragon (D:8)
  Edmund (D:6)
  Menkaure (D:5)
  2 water moccasins
  Duvessa (D:6)
  An orc warrior (D:6)
  An ice beast (D:7)
  3 sky beasts
  3 centaurs
  3 ogres
  2 lemures (D:4)
  A kobold brigand (D:7)
  2 bullfrogs
  A gnoll sergeant (D:5)
  2 scorpions (D:5)
  4 wights (D:7)
  Dowan (D:6)
  4 killer bees (D:8)
  4 hounds
  2 jellies (D:5)
  7 iguanas
  An orc priest (D:5)
  A sleepcap (D:4)
  Natasha (twice) (D:3)
  4 orc wizards
  8 adders
  5 gnolls (D:5)
  2 shadow imps
  A white imp (D:7)
  3 ufetubi
  A worm (D:5)
  5 dart slugs
  13 orcs
  10 endoplasms
  4 giant cockroaches
  7 goblins
  7 hobgoblins
  6 ball pythons
  2 bats
  2 frilled lizards
  6 kobolds
  7 rats
150 creatures vanquished.

Notes
Turn   | Place    | Note
-------+----------+-------------------------------------------
     0 | D:1      | JanusIIV the Naga Transmuter began the quest for the Orb.
     0 | D:1      | Reached XP level 1. HP: 18/18 MP: 3/3
   153 | D:1      | Reached XP level 2. HP: 25/25 MP: 3/5
   692 | D:2      | Reached XP level 3. HP: 14/32 MP: 4/6
  1135 | D:2      | Noticed Sigmund
  1149 | D:2      | Killed Sigmund
  1150 | D:2      | Reached skill level 4 in Unarmed Combat
  1150 | D:2      | Reached XP level 4. HP: 42/42 MP: 7/7
  1150 | D:2      | Reached XP level 5. HP: 49/49 MP: 8/8
  1449 | D:2      | Reached XP level 6. HP: 56/56 MP: 9/9
  2186 | D:3      | Noticed Natasha
  2193 | D:3      | Killed Natasha
  2369 | D:3      | Noticed Natasha
  2372 | D:3      | Killed Natasha
  2489 | D:4      | Noticed Pikel
  2494 | D:4      | Found a staircase to the Ecumenical Temple.
  2521 | Temple   | Entered the Ecumenical Temple
  2870 | D:4      | Found a shimmering blue altar of Sif Muna.
  3093 | D:4      | Found a blossoming altar of Fedhas.
  3096 | D:4      | Found a bloodstained altar of Trog.
  3338 | D:4      | Killed Pikel
  3339 | D:4      | Reached skill level 5 in Fighting
  3339 | D:4      | Reached skill level 6 in Unarmed Combat
  3339 | D:4      | Reached skill level 5 in Transmutations
  3339 | D:4      | Reached XP level 7. HP: 60/67 MP: 10/10
  3339 | D:4      | Reached XP level 8. HP: 67/74 MP: 11/11
  3653 | D:5      | Entered Level 5 of the Dungeon
  3801 | D:5      | Noticed Grinder
  3832 | D:5      | Paralysed by Grinder for 4 turns
  3840 | D:5      | Killed Grinder
  3841 | D:5      | Reached skill level 7 in Unarmed Combat
  4180 | D:5      | Noticed Prince Ribbit
  4248 | D:5      | Noticed Menkaure
  4258 | D:5      | Killed Menkaure
  4259 | D:5      | Reached skill level 8 in Unarmed Combat
  4714 | D:5      | Killed Prince Ribbit
  4715 | D:5      | Reached XP level 9. HP: 59/82 MP: 12/12
  5000 | D:5      | You fall into a shaft and drop 2 floors!
  5345 | D:7      | Reached skill level 9 in Unarmed Combat
  5783 | D:7      | Found a white marble altar of Elyvilon.
  6669 | D:6      | Noticed Maggie
  6693 | D:6      | Killed Maggie
  6694 | D:6      | Reached XP level 10. HP: 18/92 MP: 13/13
  7119 | D:6      | Noticed Edmund
  7129 | D:6      | Killed Edmund
  7130 | D:6      | Reached skill level 5 in Dodging
  7570 | D:6      | Found a runed translucent gate.
  7570 | D:6      | Noticed hexenhour's ghost (novice DjEE)
  7571 | D:6      | Found a runed translucent gate.
  7572 | D:6      | Found a runed translucent gate.
  7614 | D:6      | Noticed Dowan
  7614 | D:6      | Noticed Duvessa
  7627 | D:6      | Killed Dowan
  7632 | D:6      | Killed Duvessa
  7633 | D:6      | Reached skill level 10 in Unarmed Combat
  8133 | D:5      | Found a hazy altar of Hepliaklqana.
  8267 | D:5      | Found a snail-covered altar of Cheibriados.
  8275 | D:5      | Became a worshipper of Cheibriados the Contemplative
  8313 | D:5      | Learned a level 4 spell: Ice Form
  8698 | D:8      | Noticed Psyche
  8713 | D:8      | Killed Psyche
  8810 | D:8      | HP: 4/94 [killer bee (4)]
  8811 | D:8      | HP: 1/94 [killer bee (3)]
  8811 | D:8      | Slain by a killer bee

Illustrated notes

Levels and vault maps discovered:
D:1:      tarquinn_simple_flora_water_d, layout_basic
D:2:      layout_basic, amcnicky_mini_pool_small, minmay_misc_feat_nine_boxes,
          uniq_sigmund
D:3:      layout_basic, uniq_natasha
D:4:      layout_cave_pools, nicolae_overflow_squiral, lemuel_round_altar,
          minmay_temple_entry_gardened_gates, serial_rivers,
          chequers_serial_rivers_small_3, chequers_serial_rivers_room_b,
          chequers_serial_rivers_small_a, chequers_serial_rivers_micro_a,
          kennysheep_generic_room_8, uniq_pikel
D:5:      layout_loops_cross, marbit_many_paths, kennysheep_slug_shrine,
          hangedman_decor_opposing, uniq_grinder, uniq_menkaure,
          uniq_prince_ribbit1
D:6:      layout_loops_corners, biasface_ghost_orc_armoury, uniq_maggie,
          uniq_edmund, uniq_duvessa
D:7:      layout_basic, lemuel_crystal_altar
D:8:      layout_cave_pools, nicolae_wu_jian_immortal_techniques,
          nemelex_xobeh_ov_fountains_minmay, minmay_splitting_lines, uniq_psyche
Temple:   oiseaux_autumnal_temple

Skill      XL: |  1  2  3  4  5  6  7  8  9 10 |
---------------+-------------------------------+-----
Fighting       | 3 5 6 7 |  7.6
Unarmed Combat | 4 6 8 9 10 | 10.0
Transmutations | 3 5 6 |  6.8
Dodging        | 2 4 5 |  5.5
Spellcasting   | |  2.0

Action                     |  1- 3 |  4- 6 |  7- 9 | 10-12 || total
---------------------------+-------+-------+-------+-------++-------
  Melee: Unarmed           |    66 |   133 |   232 |   121 ||   552
         Headbutt          |     6 |    16 |    40 |    12 ||    74
         Punch             |       |     1 |    13 |     3 ||    17
   Cast: Beastly Appendage |    10 |    15 |    28 |    10 ||    63
Ability: Spit Poison       |    20 |    12 |    29 |    10 ||    71
  Evoke: Wand              |       |       |       |     5 ||     5
    Use: Potion            |     1 |     1 |     6 |     3 ||    11
         Scroll            |       |     2 |     8 |     2 ||    12
   Stab: Sleeping          |     1 |     1 |       |       ||     2
         Invisible         |       |       |       |     1 ||     1
 Armour: Robe              |     5 |    17 |    21 |       ||    43
         Skin              |     4 |    11 |       |       ||    15
         Steam dragon scal |       |       |       |    25 ||    25
  Dodge: Dodged            |    38 |    70 |   124 |   101 ||   333
